 Dungeon Crawl Stone Soup version 0.18.1-50-g88ac8fd (webtiles) character file.

39 ololoev the Firebug (level 3, 0/19 HPs)
             Began as a Deep Elf Fire Elementalist on Oct 26, 2016.
             Slain by an orc
             ... wielding a +0 war axe
              (4 damage)
             ... on level 3 of the Dungeon.
             The game lasted 00:04:51 (425 turns).

ololoev the Firebug (Deep Elf Fire Elementalist)     Turns: 425, Time: 00:04:52

Health: 0/19       AC:  2    Str:  5    XL:     3   Next: 26%
Magic:  9/10       EV: 13    Int: 20    God:
Gold:   30         SH:  0    Dex: 15    Spells: 3 memorised, 2 levels left

rFire  . . .     SeeInvis .     b - +0 blowgun
rCold  . . .     Gourm    .     h - +0 robe
rNeg   . . .     Faith    .     (no shield)
rPois  .         Spirit   .     (no helmet)
rElec  .         Dismiss  .     (no cloak)
rCorr  .         Reflect  .     (no gloves)
SustAt .         Harm     .     (no boots)
MR     .....                    (no amulet)
Stlth  ++........               (no ring)
                                (no ring)

@: about to teleport, not resistant to hostile enchantments, unstealthy
A: no striking features
a: no special abilities

Inventory:

Hand Weapons
 a - a +0 trident
 b - a +0 blowgun (weapon)
Missiles
 i - 8 poisoned needles (quivered)
Armour
 h - a +0 robe (worn)
Scrolls
 f - a scroll of remove curse
Books
 j - a book of Flames

   Spells                             Type                      Level
   a - Flame Tongue                   Conjuration/Fire             1
   b - Throw Flame                    Conjuration/Fire             2
   c - Conjure Flame                  Conjuration/Fire             3
   d - Inner Flame                    Hexes/Fire                   3
   e - Sticky Flame                   Conjuration/Fire             4
   f - Fireball                       Conjuration/Fire             5
 k - a book of the Tempests

   Spells                             Type                      Level
   a - Static Discharge               Conjuration/Air              3
   b - Lightning Bolt                 Conjuration/Air              5
   c - Fireball                       Conjuration/Fire             5
   d - Tornado                        Air                          9
   e - Shatter                        Earth                        9
Comestibles
 c - a bread ration
 g - 3 fruits


   Skills:
 - Level 2.4 Dodging
 - Level 2.4 Stealth
 + Level 3.7 Spellcasting
 + Level 2.2 Conjurations
 + Level 3.8 Fire Magic


You had 2 spell levels left.
You knew the following spells:

 Your Spells              Type           Power        Failure   Level  Hunger
a - Flame Tongue          Conj/Fire      ###..        3%          1    None
b - Conjure Flame         Conj/Fire      ###.....     12%         3    ###....
e - Inner Flame           Hex/Fire       ##......     21%         3    ###....


You were on level 3 of the Dungeon.
You were not hungry.

You visited 1 branch of the dungeon, and saw 4 of its levels.

You collected 30 gold pieces.

#.....# #....))....
####.#.#.##########.#..
#...........# ##.#.#
#.##.#.#.##.######..†..
#.##...................
#.#########.######.....
#.# #.# ##)#..
#.#########.# #....
#...oo@o....# #####
#############

Notes
Turn   | Place    | Note
--------------------------------------------------------------
     0 | D:1      | ololoev the Deep Elf Fire Elementalist began the quest for the Orb.
     0 | D:1      | Reached XP level 1. HP: 10/10 MP: 6/6
    14 | D:2      | Reached XP level 2. HP: 12/15 MP: 5/8
   182 | D:3      | Reached XP level 3. HP: 19/19 MP: 6/10
   193 | D:3      | Learned a level 3 spell: Conjure Flame
   197 | D:3      | Learned a level 3 spell: Inner Flame
   425 | D:3      | Slain by an orc

Dungeon Overview and Level Annotations

Branches:
Dungeon (4/15)
 Temple: D:4-7

Altars:


Message History

Aim: a worm You shoot a poisoned needle.
The poisoned needle barely misses the worm.
Firing (i - inventory):
i - 6 poisoned needles (quivered)
Press: ? - help, Shift-Dir - straight line, f/p - worm
Aim: a worm You shoot a poisoned needle.
The poisoned needle hits the worm.
The worm is poisoned.
Firing (i - inventory):
i - 5 poisoned needles (quivered)
Press: ? - help, Shift-Dir - straight line, f/p - worm
Aim: a worm (lightly wounded, poisoned)
You shoot a poisoned needle. The poisoned needle hits the worm.
The worm looks even sicker.
The worm is lightly wounded.
Firing (i - inventory):
i - 4 poisoned needles (quivered)
Press: ? - help, Shift-Dir - straight line, f/p - worm
Aim: a worm (lightly wounded, poisoned)
You shoot a poisoned needle. The poisoned needle hits the worm.
The worm looks even sicker.
The worm is lightly wounded.
Firing (i - inventory):
i - 3 poisoned needles (quivered)
Press: ? - help, Shift-Dir - straight line, f/p - worm
Aim: a worm (lightly wounded, poisoned)
You shoot a poisoned needle. The poisoned needle hits the worm.
The worm looks even sicker.
The worm is lightly wounded.
Firing (i - inventory):
i - 2 poisoned needles (quivered)
Press: ? - help, Shift-Dir - straight line, f/p - worm
Aim: a worm (heavily wounded, poisoned)
You shoot a poisoned needle. The poisoned needle hits the worm.
The worm is heavily wounded.
Firing (i - inventory):
i - a poisoned needle (quivered)
Press: ? - help, Shift-Dir - straight line, f/p - worm
Aim: a worm (almost dead, poisoned)
You shoot a poisoned needle. The poisoned needle hits the worm.
The worm is almost dead.
You kill the worm!
i - a poisoned needle
i - 2 poisoned needles (gained 1)
i - 4 poisoned needles (gained 2)
i - 6 poisoned needles (gained 2)
i - 7 poisoned needles (gained 1)
i - 8 poisoned needles (gained 1)
You see here a worm corpse.
Found a chain mail.
Adjust to which letter? (? for menu, Esc to quit)
b - a +0 blowgun (weapon);
j - a book of Flames Adjust to which letter? (? for menu, Esc to quit)
a - a trident;
h - a +0 robe (worn)
Found a chain mail.
Found a stone staircase leading down.
You see here a chain mail.
There is a stone staircase leading down here.
You climb downwards.
An adder and 5 orcs come into view.
The orc shouts! x2
There is a stone staircase leading up here.
The orc hits you with a war axe. The orc hits you with a hand axe!
The orc hits you with a mace.
You climb upwards.
There is a stone staircase leading down here.
Read which item? (? for menu, Esc to quit)
As you read the scroll labeled YJEIGA OMONODD, it crumbles to dust.
You feel blessed for a moment.
It was a scroll of remove curse.
Read which item? (? for menu, Esc to quit)
As you read the scroll labeled YRRYOM SALIDGHEME, it crumbles to dust.
You hear a loud clanging noise!
It was a scroll of noise.
The orc closely misses you. The orc misses you.
Read which item? (? for menu, Esc to quit)
As you read the scroll labeled JYITONLAME, it crumbles to dust.
You feel strangely unstable.
It was a scroll of teleportation.
The orc closely misses you. The orc hits you but does no damage.
Casting: Flame Tongue
Confirm with . or Enter, or press ? or * to list all spells.
Aiming: Flame Tongue
Press: ? - help, Shift-Dir - straight line, f - orc
Aim: an orc, wielding a war axe The flame tongue hits the orc.
The orc is severely wounded.
The orc hits you with a war axe.
You die...

You could see 3 orcs.

Vanquished Creatures
  2 adders
  A worm (D:3)
  A dart slug (D:1)
  2 orcs (D:3)
  2 bats (D:3)
  A giant cockroach (D:3)
  5 kobolds
  A rat (D:3)
15 creatures vanquished.

Action                   || total
-------------------------++-------
 Fire: Blowgun           ||    16
 Cast: Flame Tongue      ||    31
       Conjure Flame     ||     1
       Inner Flame       ||     1
  Use: Scroll            ||     3
Armor: Robe              ||     7
Dodge: Dodged            ||    20

Vault maps used:
D:1:      dpeg_arrival_houses_and_road, minmay_misc_feat_plants
D:2:      ecumenical_altar_2
D:3:      st_stairs_4
D:4:      black_bear_nest_2, okawaru_gym_becter
